 Dungeon Crawl Stone Soup version 0.17.1-3-g152610e (webtiles) character file.

52 Clownie the Chopper (level 3, -1/32 HPs)
             Began as a Deep Dwarf Warper on Feb 29, 2016.
             Slain by a worm (8 damage)
             ... on level 2 of the Dungeon.
             The game lasted 00:01:33 (909 turns).

Clownie the Chopper (Deep Dwarf Warper)              Turns: 909, Time: 00:01:33

Health: -1/32      AC:  6    Str: 15    XL:     3   Next: 60%
Magic:  5/5        EV: 10    Int: 13    God:
Gold:   129        SH:  0    Dex: 12    Spells: 1 memorised, 4 levels left

rFire  . . .     SeeInvis .     a - +0 hand axe
rCold  . . .     Clarity  .     n - +0 scale mail
rNeg   . . .     SustAt   .     (no shield)
rPois  .         Gourm    .     (no helmet)
rElec  .         Spirit   .     (no cloak)
rCorr  .         Warding  .     (no gloves)
rMut   .         Stasis   .     (no boots)
MR     .....                    (no amulet)
Stlth  ..........               (no ring)
                                (no ring)

@: non-regenerating, not resistant to hostile enchantments, extremely unstealthy
A: damage resistance, recharge devices, sense surroundings 1, slow regeneration
3
a: Device Recharging


You were on level 2 of the Dungeon.
You were not hungry.

You visited 1 branch of the dungeon, and saw 3 of its levels.

You collected 129 gold pieces.

Inventory:

Hand Weapons
 a - a +0 hand axe (weapon)
Missiles
 e - 5 tomahawks of dispersal (quivered)
Armour
 n - a +0 scale mail (worn)
Jewellery
 j - an uncursed ring of fire
Wands
 f - a wand of heal wounds (5)
Scrolls
 d - a scroll of blinking
 h - a scroll of random uselessness {unknown}
 k - a scroll of enchant weapon {unknown}
 m - a scroll of recharging {unknown}
 p - 2 scrolls of immolation
Books
 c - a book of Spatial Translocations

   Spells                             Type                      Level
   a - Apportation                    Translocation                1
   b - Blink                          Translocation                2
   c - Shroud of Golubria             Charms/Translocation         2
   d - Portal Projectile              Translocation                3
   e - Teleport Other                 Translocation                3
   f - Passage of Golubria            Translocation                4
Comestibles
 b - a chunk of flesh
 g - 2 bread rations
 i - 2 meat rations
 l - a royal jelly
 o - a slice of pizza


   Skills:
 - Level 1.7 Fighting
 + Level 4.4 Axes
 - Level 0.8 Throwing
 - Level 1.1 Armour
 - Level 2.1 Dodging
 - Level 1.7 Spellcasting
 - Level 3.2 Translocations


You had 4 spell levels left.
You knew the following spells:

 Your Spells              Type           Power        Failure   Level  Hunger
a - Apportation           Tloc           #.........   30%         1    ##.....


Dungeon Overview and Level Annotations

Branches:
Dungeon (3/15)

Altars:

Annotations:
D:3 Gargoyl's ghost, weakling DsAK


Innate Abilities, Weirdness & Mutations

You are resistant to damage.
You can recharge devices by infusing magical energy.
You passively map a small area around you.
You do not regenerate naturally.


Message History

You kill the bat!
No target in view!
Found 10 arrows of dispersal.
A worm comes into view.
The worm bites you.
You hit the worm but do no damage. You hit the worm.
The worm is heavily wounded.
The worm bites you.
* * * LOW HITPOINT WARNING * * *
You are too injured to fight recklessly!
You are too injured to fight recklessly!
You are too injured to fight recklessly!
You are too injured to fight recklessly!
You are too injured to fight recklessly!
You are too injured to fight recklessly!
You completely miss the worm.
The worm is moderately wounded.
The worm bites you!
You die...

* ### ..# *, *#.#
#.# .# #.# #.# #w#
#######.# #@#
.....##.# #.#
.....##.# #.#
.....##.# #.#
.......># #.#
........# #.#
......#.# #.#
....#.#.########.#
#####.#..........#


You could see a worm.

Vanquished Creatures
  2 adders (D:2)
  2 oozes (D:1)
  An orc (D:3)
  2 ball pythons (D:1)
  A giant cockroach (D:1)
  3 goblins
  A hobgoblin (D:1)
  5 bats
  2 giant newts
  3 kobolds
  4 rats (D:1)
26 creatures vanquished.

Notes
Turn   | Place    | Note
--------------------------------------------------------------
     0 | D:1      | Clownie the Deep Dwarf Warper began the quest for the Orb.
     0 | D:1      | Reached XP level 1. HP: 19/19 MP: 3/3
    87 | D:1      | Reached XP level 2. HP: 21/26 MP: 4/4
   711 | D:2      | Reached XP level 3. HP: 20/32 MP: 5/5
   769 | D:2      | Reached skill level 4 in Axes
   845 | D:3      | Noticed Gargoyl's ghost (weakling DsAK)
   909 | D:2      | Slain by a worm

Action                   || total
-------------------------++-------
Melee: Hand axe          ||   116
  Use: Scroll            ||     1
